 Dungeon Crawl Stone Soup version 0.29.1-15-g9cfb28693d (webtiles) character file.

Game seed: 1811989434045913379

207 Sanktem7 the Chopper (level 5, 0/47 HPs)
             Began as a Minotaur Fighter on Mar 15, 2023.
             Slain by a black bear (8 damage)
             ... on level 4 of the Dungeon.
             The game lasted 00:03:23 (2951 turns).

Sanktem7 the Chopper (Minotaur Fighter)             Turns: 2951, Time: 00:03:24

Health: 0/47       AC:  9    Str: 23    XL:     5   Next: 54%
Magic:  4/4        EV:  7    Int:  5    God:
Gold:   221        SH:  4    Dex:  9    Spells: 4/4 levels left

rFire   + . .      SeeInvis .   a - +0 war axe {axe}
rCold   . . .      Faith    .   c - +0 buckler
rNeg    . . .      Spirit   .   l - +0 chain mail
rPois   .          Reflect  .   (helmet restricted)
rElec   .          Harm     .   (no cloak)
rCorr   .          Rampage  .   (no gloves)
Will    .....                   (no boots)
Stlth   ..........              (no amulet)
HPRegen 0.15/turn               o - ring of protection from fire
MPRegen 0.09/turn               (no ring)

@: no status effects
A: horns 2, retaliatory headbutt
a: no special abilities


You were on level 4 of the Dungeon.
You visited 1 branch of the dungeon, and saw 4 of its levels.

You collected 221 gold pieces.


Innate Abilities, Weirdness & Mutations

You have a pair of horns on your head.
You reflexively headbutt those who attack you in melee.


   Skills:
 + Level 4.7 Fighting
 * Level 4.8 Axes
 + Level 4.6 Armour
 + Level 4.6 Shields


You had 4 spell levels left.
You didn't know any spells.
Your spell library contained the following spells:

 Spells                   Type           Power      Damage    Failure   Level
 Inner Flame              Hex/Fire       0%         N/A       100%        3
 Cause Fear               Hex            0%         N/A       100%        4
 Petrify                  Tmut/Erth      0%         N/A       100%        4
 Metabolic Englaciation   Hex/Ice        0%         N/A       100%        5
 Statue Form              Tmut/Erth      0%         N/A       100%        6
 Discord                  Hex            0%         N/A       100%        8

Inventory:

Hand Weapons
 a - a +0 war axe (weapon) {axe}
 i - a +0 whip of electrocution {mace}
   (You found it on level 1 of the Dungeon)
 t - a +2 whip of venom {mace}
   (You took it off a gnoll on level 3 of the Dungeon)
Missiles
 f - 36 stones {throwing}
 q - 14 poisoned darts {throwing}
 r - a boomerang (quivered) {throwing}
 u - a throwing net {=f!fthrowing}
Armour
 b - a +0 scale mail
 c - a +0 buckler (worn)
 l - a +0 chain mail (worn)
   (You found it on level 1 of the Dungeon)
 m - a scarf of repulsion
   (You found it on level 1 of the Dungeon)
Magical Staves
 y - a staff of air {!astaff}
   (You found it on level 3 of the Dungeon)
Jewellery
 o - a ring of protection from fire (left hand)
   (You found it on level 2 of the Dungeon)
 v - a ring of ice
   (You took it off a goblin on level 3 of the Dungeon)
Wands
 s - a wand of charming (8)
   (You found it on level 3 of the Dungeon)
Scrolls
 j - 2 scrolls of identify {unknown}
 n - a scroll of enchant armour {unknown}
 w - a scroll of immolation {unknown}
Potions
 d - a potion of might
 e - 2 potions of lignification {!q}
 g - 2 potions of curing {@q1}
 h - a potion of heal wounds {@q2}
 k - a potion of ambrosia {unknown}
 p - 2 potions of mutation {unknown}
 x - a potion of resistance {unknown}

Dungeon Overview and Level Annotations

Branches:
Dungeon (4/15) Zot: 21010
 Temple: D:4-7

Altars:

#=...# ##.#.#
######.#.#
#....<...#
#.####..##
##.# #### #.#
.... #.#..##
#@h...#
..>.....)#...#
..#####..#
..(K ##.# $.?
.# $. .# . ..
..


You could see a black bear (berserk) and a kobold.


Message History

The ball python hisses angrily.
You see here a ring of wizardry. 😕 HP[-1]
You take 1 damage, and now have 41/47 hp.
Unknown command.
You feel sick.
You feel sick.
You are no longer poisoned. 😕 HP[-1]
You take 1 damage, and now have 40/47 hp.
Cleave: a) +0 war axe {axe}
Press: ? - help, Dir - move target, f - you That would be overly suicidal.
Okay, then.
Throw: boomerang {throwing}
Press: ? - help, Q - select action, (/) - cycle Shift-Dir - straight line, f - ball python
Aim: a ball python (52% to hit)
You throw a boomerang {throwing}.
The boomerang {throwing} closely misses the ball python. 😕 HP[+1] Throw: boomerang {throwing}
Press: ? - help, Q - select action, (/) - cycle Shift-Dir - straight line, f/p - ball python
Aim: a ball python (52% to hit)
You throw a boomerang {throwing}.
The boomerang {throwing} hits the ball python.
You kill the ball python!
A goblin and 2 orcs come into view.
The goblin shouts!
The orc shouts!
You hear an angry growl.
An orc comes into view. It is wielding a +0 flail.
A gnoll bouda comes into view. It is wielding a +0 whip.
Found a stone staircase leading down.
The orc closely misses you.
You slash the orc!
You kill the orc!
You completely miss the orc. The orc hits you with a +0 club.
A black bear comes into view. 😕 HP[-2]
You take 2 damage, and now have 39/47 hp.
You hit the orc but do no damage. The orc hits you but does no damage.
You slash the orc!
You kill the orc!
You closely miss the orc. You block the orc's attack. 😕 HP[+1]
You hit the goblin.
You kill the goblin!
You hit the orc. The orc hits you with a +0 club.
The orc hits you but does no damage. 😕 HP[-3]
You take 3 damage, and now have 37/47 hp.
You slash the gnoll bouda! Your headbutt misses the gnoll bouda.
You completely miss the orc. The orc hits you with a +0 club.
You block the gnoll bouda's attack. 😮 HP[-2]
You take 2 damage, and now have 35/47 hp.
You hit the gnoll bouda. You closely miss the orc.
The orc hits you but does no damage. You block the gnoll bouda's attack.
You slash the gnoll bouda!
You kill the gnoll bouda!
You barely miss the orc. The orc hits you but does no damage.
The orc hits you with a +0 club. You block the black bear's attack.
The black bear claws you but does no damage. x2 😮 HP[-2]
You take 2 damage, and now have 33/47 hp.
You slash the black bear! You hit the orc.
You kill the orc!
The black bear bites you. The black bear barely misses you.
The black bear claws you. 😮 HP[-5]
You take 5 damage, and now have 28/47 hp.
You hit the black bear but do no damage.
Your headbutt misses the black bear. The black bear completely misses you.
The black bear claws you.
The black bear claws you but does no damage. 😮 HP[-1]
You take 1 damage, and now have 27/47 hp.
You slash the black bear! Your headbutt misses the black bear.
The black bear bites you but does no damage.
The black bear claws you but does no damage.
The black bear barely misses you.
The black bear goes berserk!
You hit the black bear. The black bear barely misses you.
You furiously retaliate!
You headbutt the black bear. The black bear claws you.
* * * LOW HITPOINT WARNING * * *
The black bear claws you but does no damage. 😨 HP[-5]
You take 5 damage, and now have 22/47 hp.
You barely miss the black bear. The black bear bites you.
* * * LOW HITPOINT WARNING * * *
The black bear claws you but does no damage. x2
The black bear bites you.
* * * LOW HITPOINT WARNING * * *
The black bear claws you.
* * * LOW HITPOINT WARNING * * *
The black bear claws you.
* * * LOW HITPOINT WARNING * * *
A kobold comes into view.
It is wielding a +0 short sword. 😱 HP[-15]
You take 15 damage, and now have 7/47 hp.
MASSIVE DAMAGE!! (PAUSE)
You closely miss the black bear. The black bear bites you!
You die...

Skill      XL: |  1  2  3  4 |
---------------+-------------+-----
Axes           | 3 4 |  4.8
Shields        | 4 |  4.6
Fighting       | 4 |  4.7
Armour         | 4 |  4.6

Action                   |  1- 3 |  4- 6 || total
-------------------------+-------+-------++-------
Melee: War axe           |    51 |    34 ||    85
       Headbutt          |     8 |     1 ||     9
Throw: Boomerang         |       |    24 ||    24
       Stone             |       |     4 ||     4
  Use: Potion            |       |     3 ||     3
Armor: Chain mail        |    22 |    16 ||    38
       Scale mail        |     2 |       ||     2
       Skin              |       |    17 ||    17
Dodge: Dodged            |    20 |    13 ||    33
Block: Buckler           |     6 |    11 ||    17

Levels and vault maps discovered:
D:1:      matt_arrival_los_fun, layout_basic, minmay_unequal
D:2:      layout_basic, nicolae_ecumenical_pavilion
D:3:      layout_loops_corners
D:4:      layout_loops_ring, amethyst_overflow_temple_binary,
          cheibrodos_sewer_entry_sluice, minmay_circle_x

Notes
Turn   | Place    | Note
-------+----------+-------------------------------------------
     0 | D:1      | Sanktem7 the Minotaur Fighter began the quest for the Orb.
     0 | D:1      | Reached XP level 1. HP: 19/19 MP: 0/0
     0 | D:1      | magus.rc [v1.9.6]
   488 | D:1      | Reached XP level 2. HP: 23/27 MP: 1/1
   620 | D:1      | Reached skill level 3 in Axes
   784 | D:2      | Found a faded altar of an unknown god.
   847 | D:2      | Reached skill level 4 in Shields
   847 | D:2      | Reached XP level 3. HP: 33/33 MP: 2/2
   876 | D:2      | You pick up a book of Hexes and begin reading...
   876 | D:2      | You add the spells Inner Flame, Cause Fear and Discord to
                  | your library.
  1035 | D:2      | Reached skill level 4 in Fighting
  1133 | D:2      | You pick up a book of Sloth and begin reading...
  1133 | D:2      | You add the spells Petrify, Metabolic Englaciation and
                  | Statue Form to your library.
  1219 | D:2      | Reached skill level 4 in Armour
  1968 | D:3      | Reached XP level 4. HP: 40/40 MP: 3/3
  2183 | D:3      | Reached skill level 4 in Axes
  2190 | D:3      | HP: 13/61 [gnoll/+0 spear[a gnoll bouda] (4)]
  2205 | D:3      | Reached XP level 5. HP: 36/47 MP: 4/4
  2939 | D:4      | Noticed a black bear
  2950 | D:4      | HP: 9/47 [black bear (3)]
  2951 | D:4      | Slain by a black bear

Vanquished Creatures
  2 gnoll boudas
  6 adders
  5 gnolls (D:3)
  2 worms (D:2)
  4 orcs
  4 ball pythons
  2 endoplasms
  2 giant cockroaches
  5 goblins
  4 hobgoblins
  2 kobolds (D:1)
  2 quokkas
  4 bats
  A frilled lizard (D:1)
  A rat (D:1)
46 creatures vanquished.

Table legend:
 A = Non-vault XP
 B = Vault XP
 C = Vault XP percentage of total XP
 D = Non-vault monster count
 E = Vault monster count
 F = Vault count percentage of total count
                 A         B        C        D         E       F
            +---------+---------+-------+---------+---------+-------
      Total |     252 |      45 |  15.2 |      42 |       4 |   8.7
            +---------+---------+-------+---------+---------+-------
        D:1 |      18 |       4 |  18.2 |      11 |       2 |  15.4
        D:2 |      47 |       0 |   0.0 |      11 |       0 |   0.0
        D:3 |     163 |       0 |   0.0 |      15 |       0 |   0.0
        D:4 |      24 |      41 |  63.1 |       5 |       2 |  28.6
            +---------+---------+-------+---------+---------+-------

Illustrated notes

Table legend:
 A = Kills in this place as a percentage of kills in entire the game.
 B = Kills by you in this place as a percentage of kills by you in the entire game.
 C = Kills by friends in this place as a percentage of kills by friends in the entire game.
 D = Other kills in this place as a percentage of other kills in the entire game.
 E = Experience gained in this place as a percentage of experience gained in the entire game.
 F = Experience gained in this place divided by the number of levels of this place that you have seen.
                   A       B       C       D       E      F
               +-------+-------+-------+-------+-------+----------------------
         Total | 100.0 | 100.0 |   N/A |   N/A | 100.0 |  74.2
       Dungeon | 100.0 | 100.0 |   N/A |   N/A | 100.0 |  74.2
               +-------+-------+-------+-------+-------+----------------------

Table legend: (Time is in decaauts)
 A = Elapsed time spent in this place.
 B = Non-inter-level travel time spent in this place.
 C = Inter-level travel time spent in this place.
 D = Time resting spent in this place.
 E = Time spent auto-exploring this place.
 F = Levels seen in this place.
 G = Mean time per level.
                   A        B        C        D        E       F      G
               +--------+--------+--------+--------+--------+-----+--------+
         Total |   2988 |   2859 |    129 |    156 |   2399 |   4 |  747.0 |
       Dungeon |   2988 |   2859 |    129 |    156 |   2399 |   4 |  747.0 |
               +--------+--------+--------+--------+--------+-----+--------+

Top non-repeatable levels by time:
     D:3: 1158 daAuts
     D:2: 1002 daAuts
     D:1: 792 daAuts
     D:4: 35 daAuts
